 Dungeon Crawl Stone Soup version 0.29.1-1-gd02db6906a (webtiles) character file.

Game seed: 6164559794707499325

852 Demigod47 the Cudgeller (level 7, 0/60 HPs)
             Began as a Minotaur Fighter on Oct 7, 2022.
             Was a Follower of Okawaru.
             Succumbed to Sigmund's poison
             ... on level 6 of the Dungeon.
             The game lasted 00:13:13 (5386 turns).

Demigod47 the Cudgeller (Minotaur Fighter)          Turns: 5386, Time: 00:13:13

Health: 0/60       AC:  9    Str: 23    XL:     7   Next: 69%
Magic:  6/6        EV: 10    Int:  5    God:    Okawaru [*.....]
Gold:   193        SH:  5    Dex: 15    Spells: 6/6 levels left

rFire   . . .      SeeInvis .   q - +4 mace (holy)
rCold   . . .      Faith    .   c - +0 buckler
rNeg    . . .      Spirit   .   b - +0 scale mail
rPois   .          Reflect  .   (helmet restricted)
rElec   .          Harm     .   (no cloak)
rCorr   .          Rampage  .   (no gloves)
Will    .....                   u - +1 pair of boots
Stlth   ..........              (no amulet)
HPRegen 0.20/turn               m - +6 ring of dexterity
MPRegen 0.10/turn               (no ring)

@: lethally poisoned (0 -> -9), about to teleport, slowed, very slow
A: horns 2, retaliatory headbutt
a: Renounce Religion, Heroism


You were on level 6 of the Dungeon.
You worshipped Okawaru.
Okawaru was aware of your devotion.
You visited 1 branch of the dungeon, and saw 6 of its levels.

You collected 193 gold pieces.

Inventory:

Hand Weapons
 a - a +0 flail
 q - a +4 mace of holy wrath (weapon)
Missiles
 s - 9 poisoned darts (quivered)
Armour
 b - a +0 scale mail (worn)
 c - a +0 buckler (worn)
 u - a +1 pair of boots (worn)
Jewellery
 m - a +6 ring of dexterity (left hand)
Wands
 l - a wand of polymorph (9)
 n - a wand of iceblast (4)
 w - a wand of digging (3)
Scrolls
 e - a scroll of vulnerability
 g - a scroll of magic mapping
 j - 2 scrolls of teleportation
 o - 3 scrolls of immolation {unknown}
 p - a scroll of summoning {unknown}
 r - a scroll of noise {unknown}
 t - a scroll of enchant armour {unknown}
 v - a scroll of poison {unknown}
 x - a scroll of acquirement {unknown}
 y - a scroll of identify
Potions
 d - 3 potions of might
 f - 2 potions of invisibility
 h - a potion of cancellation
 i - 3 potions of haste
 k - a potion of ambrosia
 z - 2 potions of flight {unknown}


   Skills:
 + Level 4.8 Fighting
 * Level 7.9 Maces & Flails
 + Level 5.8 Armour
 + Level 2.2 Dodging
 + Level 0.1 Stealth
 + Level 5.0 Shields


You had 6 spell levels left.
You didn't know any spells.
Your spell library contained the following spells:

 Spells                   Type           Power      Damage    Failure   Level
 Beastly Appendage        Tmut           0%         N/A       86%         1
 Wereblood                Tmut           0%         N/A       94%         2
 Spider Form              Tmut/Pois      0%         N/A       99%         3
 Conjure Ball Lightning   Conj/Air       0%         3x3d6     100%        6
 Discord                  Hex            0%         N/A       100%        8
 Disjunction              Tloc           0%         N/A       100%        8
 Animate Dead             Necr           Unusable   N/A       N/A         4
 Haunt                    Necr/Summ      Unusable   N/A       N/A         7
 Infestation              Necr           Unusable   N/A       N/A         8

Dungeon Overview and Level Annotations

Branches:
Dungeon (6/15)
 Temple: D:4-7

Altars:
Okawaru

Annotations:
D:6 Sigmund


Innate Abilities, Weirdness & Mutations

You have a pair of horns on your head.
You reflexively headbutt those who attack you in melee.


Message History

Found a potion of curing.
The kobold brigand shouts!
The kobold shouts! x2
Sigmund says, "Your kind have come here before.
I understand now why.
You desire death..."
The kobold hits you but does no damage.
You are too confused!
You feel less invigorated.
You feel less confused. The kobold brigand barely misses you.
The kobold hits you with a +0 short sword.
The kobold brigand throws a curare-tipped dart.
The curare-tipped dart hits you.
You are poisoned.
You have difficulty breathing.
You feel yourself slow down. You block the kobold's attack.
The kobold attacks as you move away! The kobold closely misses you.
You furiously retaliate!
You headbutt the kobold.
You feel very sick.
A necrophage comes into view.
Sigmund gestures wildly while chanting.
Sigmund flickers and vanishes!
Deactivating autopickup; reactivate with Ctrl-A.
You block the kobold's attack.
The kobold throws a stone.
The stone barely misses you.
Found a book of Blood.
You feel very sick.
You hear some strange, mumbled words.
A puff of flame appears from out of thin air!
The puff of flame misses you. The kobold hits you but does no damage.
Something hits you.
* * * LOW HITPOINT WARNING * * *
You are lethally poisoned!
As you read the scroll of teleportation, it crumbles to dust.
You feel strangely unstable.
* * * LOW HITPOINT WARNING * * *
You feel very sick.
You hear some strange, mumbled words.
A puff of flame appears from out of thin air!
The puff of flame hits you.
* * * LOW HITPOINT WARNING * * *
You die...

#......... #..
#......... #..
#.........
#.........
#........
#K.{.....
#K.K.....
#.#####.K..!...
#......@##.....
......#.# ..###
###.#.#.# ...
.. # #.. ..n#
.. ... ... #
#.#. .:.. #.#..


You could see a kobold brigand and 3 kobolds.

Vanquished Creatures
  A water moccasin (D:6)
  A black bear (D:6)
  A phantom (D:4)
  A bullfrog (D:6)
  2 scorpions (D:5)
  A howler monkey (D:6)
  2 hounds
  Terence (D:3)
  2 iguanas (D:5)
  An orc wizard (D:4)
  3 gnolls (D:4)
  7 adders
  A white imp (D:5)
  An ufetubus (D:5)
  A worm (D:2)
  2 dart slugs
  9 orcs
  14 ball pythons
  7 bats
  3 endoplasms
  4 giant cockroaches
  4 goblins
  8 hobgoblins
  8 jackals
  5 kobolds
  A quokka (D:4)
  6 rats
  A bush (D:2)
98 creatures vanquished.

Vanquished Creatures (others)
  4 plants (D:2)
4 creatures vanquished.

Grand Total: 102 creatures vanquished

Notes
Turn   | Place    | Note
-------+----------+-------------------------------------------
     0 | D:1      | Demigod47 the Minotaur Fighter began the quest for the Orb.
     0 | D:1      | Reached XP level 1. HP: 19/19 MP: 0/0
   226 | D:1      | Reached XP level 2. HP: 27/27 MP: 1/1
   347 | D:1      | Found a faded altar of an unknown god.
   804 | D:1      | Reached XP level 3. HP: 33/33 MP: 2/2
  1009 | D:2      | Reached skill level 3 in Maces & Flails
  2089 | D:3      | Reached XP level 4. HP: 27/40 MP: 3/3
  2397 | D:3      | Reached skill level 4 in Maces & Flails
  2430 | D:3      | Noticed Terence
  2436 | D:3      | Killed Terence
  3044 | D:4      | Noticed a phantom
  3269 | D:4      | Reached XP level 5. HP: 40/47 MP: 4/4
  3387 | D:4      | Reached skill level 5 in Maces & Flails
  3392 | D:4      | Reached skill level 1 in Dodging
  3468 | D:4      | Killed a phantom
  3469 | D:4      | Reached skill level 6 in Maces & Flails
  3469 | D:4      | Reached XP level 6. HP: 38/53 MP: 5/5
  3557 | D:4      | Found an iron altar of Okawaru.
  3581 | D:4      | Became a worshipper of Warmaster Okawaru
  3972 | D:5      | Entered Level 5 of the Dungeon
  4361 | D:5      | Identified the +1 robe of the Slightly Bent {rN+}
  4438 | D:5      | Reached skill level 7 in Maces & Flails
  4779 | D:5      | Reached skill level 5 in Armour
  4779 | D:5      | Reached XP level 7. HP: 50/60 MP: 6/6
  5180 | D:6      | Reached * piety under Okawaru
  5366 | D:6      | Reached skill level 5 in Shields
  5380 | D:6      | Noticed Sigmund
  5385 | D:6      | HP: 3/60 [something/puff of flame (2)]
  5386 | D:6      | Succumbed to Sigmund's poison

Illustrated notes

Levels and vault maps discovered:
D:1:      dpeg_arrival_snail, layout_loops_ring,
          shapermc_ecumenical_altar_pompeii
D:2:      layout_loops_corners, serial_forest, infiniplex_forest_clump_small,
          infiniplex_forest_clump_tiny, infiniplex_forest_end_2,
          infiniplex_forest_clump_curved, infiniplex_forest_zigzag_1,
          infiniplex_forest_end_2, infiniplex_forest_clump_C,
          infiniplex_forest_lined_room_2, infiniplex_forest_clump_small,
          infiniplex_forest_zigzag_1
D:3:      layout_basic, kennysheep_boxes, uniq_terence
D:4:      layout_rooms, mainiacjoe_overflow_brackets
D:5:      layout_basic, dk_vineyard_3
D:6:      layout_basic, minmay_temple_entry_water_ring, grunt_ministairs_9,
          nicolae_shop_overcharged_wands, uniq_pikel, uniq_sigmund

Skill      XL: |  1  2  3  4  5  6  7 |
---------------+----------------------+-----
Fighting       | 4 |  4.8
Shields        | 4 5 |  5.0
Armour         | 4 5 |  5.8
Maces & Flails | 3 4 6 7 |  7.9
Dodging        | 1 2 |  2.2
Stealth        | |  0.1

Action                   |  1- 3 |  4- 6 |  7- 9 || total
-------------------------+-------+-------+-------++-------
Melee: Flail             |   156 |    23 |       ||   179
       Headbutt          |    43 |    18 |     6 ||    67
       Mace              |       |    78 |    29 ||   107
  Use: Scroll            |       |     7 |     2 ||     9
       Potion            |       |       |     5 ||     5
Armor: Scale mail        |    42 |    50 |    18 ||   110
Dodge: Dodged            |    50 |    68 |    24 ||   142
Block: Buckler           |    21 |    47 |    11 ||    79
